 Dungeon Crawl Stone Soup version 0.26-a0-665-gefeb406119 (webtiles) character file.

Game seed: 2622469370100902188

3945 jasper the Grappler (level 10, 0/47 HPs)
             Began as a Vine Stalker Fighter on Oct 15, 2020.
             Slain by an orc
             ... wielding a +0 mace
              (2 damage)
             ... on level 8 of the Dungeon.
             The game lasted 00:09:17 (7362 turns).

jasper the Grappler (Vine Stalker Fighter)          Turns: 7362, Time: 00:09:18

Health: 0/47       AC: 11    Str: 19    XL:     10   Next: 21%
Magic:  0/11       EV:  8    Int: 11    God:
Gold:   148        SH: 11    Dex: 14    Spells: 9/9 levels left

rFire    + + .     SeeInvis .     - Unarmed
rCold    . . .     Faith    .   b - +0 kite shield
rNeg     . . .     Spirit   +   H - +0 scale mail {rF+}
rPois    +         Reflect  .   k - +0 helmet
rElec    .         Harm     .   c - +0 cloak
rCorr    .         Rampage  .   g - +0 pair of gloves
MR       +....                  L - +0 pair of boots
Stlth    ..........             J - amulet of regeneration
HPRegen  0.95/turn              C - ring of protection from fire
MPRegen  0.12/turn              v - ring of poison resistance

@: slowed, very slow
A: fangs 3, regeneration 1, magic shield, antimagic bite, no potion heal 3, rot
immunity
a: no special abilities


You were on level 8 of the Dungeon.
You visited 1 branch of the dungeon, and saw 8 of its levels.
You also visited: Sewer.

You collected 478 gold pieces.
You spent 330 gold pieces at shops.

Inventory:

Missiles
 d - 4 silver boomerangs
 i - 198 stones (quivered)
Armour
 a - a +0 scale mail
 b - a +0 kite shield (worn)
 c - a +0 cloak (worn)
 g - a +0 pair of gloves (worn)
 k - a +0 helmet (worn)
 H - a +0 scale mail of fire resistance (worn)
 L - a +0 pair of boots (worn)
Magical Staves
 F - an uncursed staff of air
Jewellery
 r - an uncursed ring of see invisible
 s - an uncursed amulet of guardian spirit
 v - a ring of poison resistance (right hand)
 C - a ring of protection from fire (left hand)
 J - an amulet of regeneration (around neck)
Wands
 G - a wand of iceblast (8)
 I - a wand of flame (17)
Scrolls
 e - 13 scrolls of identify {unknown}
 f - 4 scrolls of fear {unknown}
 n - a scroll of teleportation {unknown}
 p - 2 scrolls of enchant armour {unknown}
 q - 3 scrolls of remove curse {unknown}
 u - 3 scrolls of immolation {unknown}
 x - a scroll of fog {unknown}
 y - a scroll of blinking {unknown}
 B - a scroll of torment {unknown}
 D - 2 scrolls of amnesia {unknown}
 K - a scroll of acquirement {unknown}
Potions
 h - 2 potions of haste {unknown}
 j - a potion of flight {unknown}
 l - 2 potions of brilliance {unknown}
 m - 3 potions of mutation {unknown}
 o - 5 potions of cancellation {unknown}
 t - a potion of resistance {unknown}
 w - 3 potions of magic {unknown}
 z - 4 potions of curing {unknown}
 A - 2 potions of heal wounds {unknown}
 E - a potion of berserk rage {unknown}
 M - a potion of lignification {unknown}


   Skills:
 - Level 2.6 Fighting
 - Level 2.4 Armour
 + Level 7.6 Shields
 - Level 12.1 Unarmed Combat


You had 9 spell levels left.
You didn't know any spells.
Your spell library was empty.

Dungeon Overview and Level Annotations

Branches:
Dungeon (8/15)             Temple (0/1) D:6           Sewer (visited)
   Lair: D:8-11

Altars:
Makhleb
Zin

Shops:
D:7 =

Annotations:
D:8 Erica


Innate Abilities, Weirdness & Mutations

You have razor-sharp teeth.
Your natural rate of healing is unusually fast.
When hurt, damage is shared between your health and your magic reserves.
Your bite disrupts and absorbs the magic of your enemies.
Potions cannot restore your health.
You are immune to rotting.


Message History

You block the jelly's attack. The orc hits you but does no damage.
Unknown command.
You punch the orc priest!
You kill the orc priest!
You hear some strange, mumbled words.
A bolt of poison appears from out of thin air!
The bolt of poison hits you. You resist.
* * * LOW HITPOINT WARNING * * *
You block the jelly's attack. The orc barely misses you.
You take 1 damage, and have 8/47 hp.
Your shield prevents you from hitting the orc.
Your bite misses the orc. Something hits you!
* * * LOW HITPOINT WARNING * * *
The orc barely misses you.
The jelly jiggles.
The jelly barely misses you.
The orc hits you from afar with a +0 trident.
* * * LOW HITPOINT WARNING * * *
The orc hits you with a +0 mace.
You die...

##....... .. .##.......
.... ....
............... ....
........>...... ....
.............. .....
....#.o(#... .....
....#.o~#.# .....
......)@J.## .....
...........##.. .....
#....#........... .....
.... #........... .....
....##....###.... .....
................#
.........^......#.......
................#.####..
..........#....)>..#


You could see a jelly and 2 orcs.

Vanquished Creatures
  Psyche (D:7)
  Grinder (D:3)
  Sigmund (D:2)
  A steam dragon (D:8)
  An ice beast (D:5)
  2 orc warriors (D:7)
  A sky beast (D:7)
  A black bear (D:7)
  A phantom (D:7)
  4 centaurs
  7 ogres
  3 bullfrogs (D:6)
  A wyvern zombie (D:8)
  A gnoll sergeant (D:8)
  A wyvern skeleton (D:7)
  2 scorpions (D:6)
  A killer bee (D:7)
  5 wights
  2 howler monkeys (D:6)
  2 hounds
  4 orc priests
  Crazy Yiuf (D:4)
  Natasha (thrice) (D:2)
  4 orc wizards
  6 worker ants
  2 worker ant zombies
  9 gnolls
  10 adders
  A river rat (Sewer)
  2 shadow imps
  3 white imps
  An ufetubus (D:5)
  An ooze (D:4)
  3 worms (D:2)
  A dart slug (D:1)
  6 leopard geckos
  15 orcs
  4 giant cockroaches
  9 goblins
  14 hobgoblins
  7 kobolds
  2 quokkas
  6 ball pythons
  13 bats
  18 frilled lizards
  A giant cockroach zombie (D:5)
  10 rats
195 creatures vanquished.

Notes
Turn   | Place    | Note
-------+----------+-------------------------------------------
     0 | D:1      | jasper the Vine Stalker Fighter began the quest for the
                  | Orb.
     0 | D:1      | Reached XP level 1. HP: 11/11 MP: 2/2
   115 | D:1      | Reached XP level 2. HP: 10/16 MP: 3/3
   727 | D:1      | Reached skill level 3 in Unarmed Combat
   729 | D:1      | Reached XP level 3. HP: 17/19 MP: 2/4
  1465 | D:2      | Noticed Natasha
  1471 | D:2      | Killed Natasha
  1471 | D:2      | Gained mutation: Your natural rate of healing is unusually
                  | fast. [Vine Stalker growth]
  1471 | D:2      | Reached XP level 4. HP: 23/23 MP: 5/5
  1518 | D:2      | Noticed Natasha
  1525 | D:2      | Killed Natasha
  1525 | D:2      | Reached skill level 4 in Unarmed Combat
  1606 | D:2      | Noticed Natasha
  1618 | D:2      | Killed Natasha
  1618 | D:2      | Reached XP level 5. HP: 27/27 MP: 6/6
  1623 | D:2      | Noticed Sigmund
  1638 | D:2      | Killed Sigmund
  1638 | D:2      | Reached skill level 5 in Unarmed Combat
  1638 | D:2      | Reached XP level 6. HP: 14/32 MP: 4/7
  2472 | D:3      | Noticed Grinder
  2481 | D:3      | Killed Grinder
  2481 | D:3      | Reached skill level 6 in Unarmed Combat
  2481 | D:3      | Reached XP level 7. HP: 22/35 MP: 8/8
  3438 | D:4      | Reached skill level 5 in Shields
  3438 | D:4      | Reached skill level 7 in Unarmed Combat
  3754 | D:4      | Gained mutation: You have razor-sharp teeth. [Vine Stalker
                  | growth]
  3754 | D:4      | Reached XP level 8. HP: 31/39 MP: 7/9
  4081 | D:4      | Found a runed translucent door.
  4082 | D:4      | Noticed Crazy Yiuf
  4354 | D:4      | Killed Crazy Yiuf
  4382 | D:5      | Entered Level 5 of the Dungeon
  4443 | D:5      | Found a glowing drain.
  4452 | Sewer    | Entered a sewer
  4472 | Sewer    | Reached skill level 8 in Unarmed Combat
  5388 | D:5      | Reached skill level 9 in Unarmed Combat
  5712 | D:6      | Reached XP level 9. HP: 25/43 MP: 10/10
  5730 | D:6      | Reached skill level 10 in Unarmed Combat
  5937 | D:6      | Found a staircase to the Ecumenical Temple.
  6236 | D:6      | Reached skill level 11 in Unarmed Combat
  6466 | D:7      | Found a burning altar of Makhleb.
  6749 | D:7      | Found Kuxtiose's Jewellery Shop.
  6761 | D:7      | Bought an uncursed amulet of regeneration for 330 gold
                  | pieces
  6843 | D:7      | Reached skill level 12 in Unarmed Combat
  6882 | D:7      | Found a glowing silver altar of Zin.
  6882 | D:7      | Noticed an angel
  6883 | D:7      | Noticed a balrug
  7185 | D:8      | Noticed Psyche
  7207 | D:7      | Killed Psyche
  7207 | D:7      | Reached XP level 10. HP: 36/47 MP: 7/11
  7346 | D:8      | Noticed Erica
  7362 | D:8      | HP: 2/47 [orc/+0 trident (1)]
  7362 | D:8      | Slain by an orc

Illustrated notes

Levels and vault maps discovered:
D:1:      dpeg_arrival_renting, layout_loops_corners, grunt_decor_cap,
          minmay_misc_feat_x
D:2:      layout_basic, uniq_natasha, uniq_sigmund
D:3:      minmay_recursive_quarters, layout_basic, uniq_grinder
D:4:      layout_loops_corners, uniq_crazy_yiuf_cottage
D:5:      layout_basic, portal_sewer_entry_a, hangedman_decor_slide_cut
D:6:      layout_loops_ring, minmay_temple_entry_stoned_glass, item_on_display_a
D:7:      layout_cave_pools, grunt_temple_overflow_order_and_chaos_2,
          serial_bayou, serial_bayou_shore_b, serial_bayou_pond_d,
          serial_bayou_pond_e, serial_bayou_pond_d, serial_shops,
          nicolae_shop_statue_plus, minmay_fractal_squares_5
D:8:      layout_cave_pools, nicolae_alphabet_shops, uniq_psyche, uniq_erica

Skill      XL: |  1  2  3  4  5  6  7  8  9 10 |
---------------+-------------------------------+-----
Shields        | 3 4 5 6 7 |  7.6
Unarmed Combat | 3 4 5 6 7 9 12 | 12.1
Fighting       | |  2.6
Armour         | |  2.4

Action                   |  1- 3 |  4- 6 |  7- 9 | 10-12 || total
-------------------------+-------+-------+-------+-------++-------
Melee: Unarmed           |   114 |    95 |   403 |    45 ||   657
       Bite              |    35 |    23 |   114 |    12 ||   184
Throw: Stone             |       |       |     1 |       ||     1
  Use: Potion            |       |     2 |     3 |       ||     5
Armor: Scale mail        |    54 |    23 |   112 |    24 ||   213
Dodge: Dodged            |    34 |    16 |    96 |    16 ||   162
Block: Kite shield       |    48 |    39 |   165 |    30 ||   282

Table legend: (Time is in decaauts)
 A = Elapsed time spent in this place.
 B = Non-inter-level travel time spent in this place.
 C = Inter-level travel time spent in this place.
 D = Time resting spent in this place.
 E = Time spent auto-exploring this place.
 F = Levels seen in this place.
 G = Mean time per level.
                   A        B        C        D        E       F      G
               +--------+--------+--------+--------+--------+-----+--------+
         Total |   7366 |   7159 |    207 |      7 |   5849 |   9 |  818.4 |
       Dungeon |   7087 |   6880 |    207 |      7 |   5628 |   8 |  885.9 |
         Sewer |    278 |    278 |      0 |      0 |    220 |   1 |  278.0 |
               +--------+--------+--------+--------+--------+-----+--------+

Top non-repeatable levels by time:
     D:1: 1308 daAuts
     D:2: 1065 daAuts
     D:3: 1004 daAuts
     D:4: 1002 daAuts
     D:5: 923 daAuts
     D:6: 884 daAuts
     D:7: 734 daAuts
   Sewer: 278 daAuts
     D:8: 165 daAuts
